 Dungeon Crawl Stone Soup version 0.19.1-1-g22dce08 (webtiles) character file.

5628 McKennaii the Thaumaturge (level 10, -5/61 HPs)
             Began as a High Elf Air Elementalist on Jan 12, 2017.
             Was an Elder of Sif Muna.
             Slain by a warg (9 damage)
             ... on level 9 of the Dungeon.
             The game lasted 00:42:16 (11676 turns).

McKennaii the Thaumaturge (HEAE)                   Turns: 11676, Time: 00:42:17

Health: -5/61      AC: 12    Str:  7    XL:     10   Next: 46%
Magic:  23/25      EV: 13    Int: 22    God:    Sif Muna [****..]
Gold:   538        SH:  0    Dex: 17    Spells: 7 memorised, 9 levels left

rFire  + . .     SeeInvis +     q - +3 long sword
rCold  . . .     Gourm    +     h - +3 leather armour {rF+}
rNeg   . . .     Faith    .     (no shield)
rPois  .         Spirit   .     M - +2 hat
rElec  .         Reflect  .     K - +1 cloak
rCorr  .         Harm     .     (no gloves)
MR     +....                    (no boots)
Stlth  +++.......               B - amulet of the gourmand
                                x - ring of see invisible
                                y - +2 ring of protection

@: about to teleport, repel missiles
A: no striking features
a: Divine Energy, Channel Magic, Forget Spell, Renounce Religion


You were on level 9 of the Dungeon.
You worshipped Sif Muna.
Sif Muna was greatly pleased with you.
You were hungry.

You visited 1 branch of the dungeon, and saw 10 of its levels.

You collected 538 gold pieces.

Inventory:

Hand Weapons
 q - a +3 long sword (weapon)
Armour
 h - a +3 leather armour of fire resistance (worn)
 K - a +1 cloak (worn)
 M - a +2 hat (worn)
Jewellery
 n - an uncursed ring of resist corrosion
 o - an uncursed ring of flight
 x - a ring of see invisible (right hand)
 y - a +2 ring of protection (left hand)
 B - an amulet of the gourmand (around neck)
 Q - an uncursed amulet of faith {unknown}
Wands
 r - a wand of teleportation (5/9)
 t - a wand of random effects (30/48)
 v - a wand of digging (12/24)
 A - a wand of lightning (7/15)
 C - a wand of slowing (27/48)
 E - a wand of polymorph (10/24)
 F - a wand of flame (30/48)
 L - a wand of digging (9/24)
 N - a wand of iceblast (3/15)
Scrolls
 a - a scroll of random uselessness {unknown}
 c - 2 scrolls of immolation {unknown}
 e - 2 scrolls of amnesia {unknown}
 f - 3 scrolls of fog {unknown}
 g - 11 scrolls of identify
 j - a scroll of recharging {unknown}
 k - 2 scrolls of teleportation
 p - 5 scrolls of remove curse
 u - a scroll of blinking {unknown}
 G - a scroll of enchant weapon {unknown}
 H - a scroll of vulnerability {unknown}
 I - a scroll of noise {unknown}
Potions
 d - a potion of haste {unknown}
 i - 3 potions of brilliance
 m - 7 potions of curing
 s - 2 potions of agility
 z - a potion of ambrosia {unknown}
Books
 b - a book of Air

   Spells                             Type                      Level
   a - Shock                          Conjuration/Air              1
   b - Swiftness                      Charms/Air                   2
   c - Repel Missiles                 Charms/Air                   2
   d - Static Discharge               Conjuration/Air              3
   e - Lightning Bolt                 Conjuration/Air              5
 w - a book of Conjurations

   Spells                             Type                      Level
   a - Magic Dart                     Conjuration                  1
   b - Searing Ray                    Conjuration                  2
   c - Dazzling Spray                 Conjuration/Hexes            3
   d - Fulminant Prism                Conjuration/Hexes            4
   e - Iskenderun's Mystic Blast      Conjuration                  4
   f - Iskenderun's Battlesphere      Conjuration/Charms           5
 D - a book of Minor Magic

   Spells                             Type                      Level
   a - Magic Dart                     Conjuration                  1
   b - Blink                          Translocation                2
   c - Call Imp                       Summoning                    2
   d - Repel Missiles                 Charms/Air                   2
   e - Slow                           Hexes                        2
   f - Conjure Flame                  Conjuration/Fire             3
   g - Mephitic Cloud                 Conjuration/Poison/Air       3
Comestibles
 l - 4 bread rations
 J - 4 slices of pizza
 O - 2 fruits
 P - 3 meat rations


   Skills:
 + Level 2.6 Fighting
 + Level 1.4 Long Blades
 + Level 0.8 Armour
 + Level 4.0 Dodging
 + Level 4.1 Stealth
 - Level 2.1 Unarmed Combat
 + Level 10.1 Spellcasting
 + Level 8.3 Conjurations
 + Level 3.1 Summonings
 + Level 9.5 Air Magic


You had 9 spell levels left.
You knew the following spells:

 Your Spells              Type           Power        Failure   Level  Hunger
a - Shock                 Conj/Air       ####         1%          1    None
b - Swiftness             Chrm/Air       ####....     1%          2    None
c - Repel Missiles        Chrm/Air       ####..       1%          2    None
d - Static Discharge      Conj/Air       ######..     1%          3    None
e - Lightning Bolt        Conj/Air       ######....   8%          5    ####...
f - Call Imp              Summ           ####....     4%          2    None
g - Iskenderun's Battles  Conj/Chrm      ####....     47%         5    ####...


Dungeon Overview and Level Annotations

Branches:
Dungeon (10/15)            Temple (0/1) D:7            Lair (0/6) D:9
    Orc: D:9-12

Altars:
Ashenzari
Cheibriados
Dithmenos
Elyvilon
Fedhas
Hepliaklqana
Kikubaaqudgha
Makhleb
Nemelex Xobeh
Sif Muna
Trog
Uskayaw
Yredelemnul
Zin

Shops:
D:5 :

Annotations:
D:7 Joseph


Message History

Your white imp gestures at the warg.
The puff of frost misses the warg.
The puff of frost hits you!
* * * LOW HITPOINT WARNING * * *
The warg completely misses you.
You swap places.
The warg bites your crimson imp!
Your crimson imp dies!
Your white imp hits the warg.
Your white imp freezes the warg.
The warg bites you!
* * * LOW HITPOINT WARNING * * *
The warg pauses to sniff the ground.
The warg closely misses you.
Okay, then.
Quiver which item? (- for none, * to show all) (? for menu, Esc to quit)
Okay, then.
Okay, then.
As you read the scroll of teleportation, it crumbles to dust.
You feel strangely unstable.
Your shadow imp gestures at the warg.
The warg writhes in agony!
The warg bites you!
You die...

.......[..⌠≈≈......#.............
.....)...≈≈⌠.......##............
........≈....≈≈.....#............
........≈..≈≈..≈....############.
##.......≈≈....≈...5..5........#.
#...........≈≈....######......#.
#..........≈≈...5.# #......##
#...###≈≈≈≈≈≈###h.# #........
#....###≈≈≈≈###@..# #.#####..
##......######.....######.#...#..
..........................#...#..
##........................#...#..
#..............#######...#'###..
#..............# #.)).......
#..........##### #......>...
#..........# #..........
############ #..........


You could see a warg, a friendly white imp and a friendly shadow imp.

Vanquished Creatures
  The ghost of ErikD the Ducker, a novice MfBe of Trog (D:5)
  Psyche (D:9)
  A slime creature (D:8)
  2 hippogriffs (D:8)
  A yak (D:7)
  A hog (D:7)
  A human (D:7)
  2 ice beasts
  An orc warrior (D:8)
  2 phantoms
  2 eyes of draining (D:3)
  5 ogres
  A centaur (D:8)
  A big kobold (D:8)
  6 bullfrogs
  A wyvern skeleton (D:8)
  3 scorpions
  A killer bee (D:8)
  10 wights
  4 howler monkeys
  4 crimson imps
  A bullfrog zombie (D:4)
  A centaur zombie (D:7)
  3 hounds
  7 orc wizards
  5 orc priests
  A bullfrog skeleton (D:5)
  6 worker ants
  A hound zombie (D:6)
  A mummy (D:8)
  13 gnolls
  17 adders
  2 shadow imps
  An ooze (D:3)
  An adder zombie (D:7)
  A worm (D:2)
  A dart slug (D:2)
  3 leopard geckos
  29 orcs
  A ball python (D:5)
  7 bats
  4 giant cockroaches
  7 goblins
  10 hobgoblins
  4 jackals
  4 quokkas
  6 frilled lizards
  A hobgoblin zombie (D:8)
  7 kobolds
  A kobold zombie (D:8)
  A leopard gecko zombie (D:5)
  2 orc zombies (D:8)
  8 rats
  A spectral orc (D:5)
209 creatures vanquished.

Vanquished Creatures (collateral kills)
  A hippogriff (D:7)
  2 hogs
  An eye of draining (D:8)
  2 howler monkeys
  A jackal (D:9)
7 creatures vanquished.

Vanquished Creatures (others)
  An orc wizard (D:4)
1 creature vanquished.

Grand Total: 217 creatures vanquished

Notes
Turn   | Place    | Note
-------+----------+-------------------------------------------
     0 | D:1      | McKennaii the High Elf Air Elementalist began the quest for the Orb.
     0 | D:1      | Reached XP level 1. HP: 11/11 MP: 4/4
   193 | D:1      | Reached XP level 2. HP: 17/17 MP: 4/6
   197 | D:1      | Learned a level 2 spell: Swiftness
   200 | D:1      | Learned a level 2 spell: Repel Missiles
  1314 | D:2      | Reached skill level 3 in Spellcasting
  1314 | D:2      | Reached XP level 3. HP: 13/21 MP: 0/8
  1949 | D:3      | Reached XP level 4. HP: 15/27 MP: 3/10
  2297 | D:3      | Reached skill level 5 in Air Magic
  2315 | D:3      | Found a burning altar of Makhleb.
  2413 | D:3      | Reached XP level 5. HP: 23/31 MP: 3/11
  2685 | D:3      | Reached skill level 4 in Spellcasting
  3129 | D:3      | Found a deep blue altar of Sif Muna.
  3133 | D:3      | Became a worshipper of Sif Muna the Loreminder
  3180 | D:3      | Noticed an eye of draining
  3227 | D:3      | Killed an eye of draining
  3227 | D:3      | Reached skill level 1 in Unarmed Combat
  3227 | D:3      | Reached XP level 6. HP: 36/36 MP: 0/13
  3353 | D:3      | Found a bloodstained altar of Trog.
  3850 | D:4      | Learned a level 3 spell: Static Discharge
  3856 | D:4      | Learned a level 5 spell: Lightning Bolt
  3997 | D:4      | Found a burning altar of Makhleb.
  3997 | D:4      | Noticed a blizzard demon
  4138 | D:4      | Reached skill level 5 in Spellcasting
  4138 | D:4      | Reached XP level 7. HP: 41/41 MP: 11/15
  4598 | D:5      | Entered Level 5 of the Dungeon
  4615 | D:5      | Noticed ErikD's ghost (novice MfBe)
  4855 | D:5      | Found a hide-covered altar of Uskayaw.
  4866 | D:5      | Reached * piety under Sif Muna
  5133 | D:5      | Found a shadowy altar of Dithmenos.
  5167 | D:5      | Found Yhanutio's Book Shop.
  5227 | D:5      | Killed ErikD's ghost
  5227 | D:5      | Reached skill level 1 in Fighting
  5227 | D:5      | Reached skill level 6 in Spellcasting
  5227 | D:5      | Reached skill level 5 in Conjurations
  5227 | D:5      | Reached XP level 8. HP: 25/48 MP: 0/18
  5361 | D:5      | Found a basalt altar of Yredelemnul.
  5563 | D:5      | Found a faded altar of an unknown god.
  5563 | D:5      | Found a faded altar of an unknown god.
  5568 | D:5      | Found a snail-covered altar of Cheibriados.
  5570 | D:5      | Found a faded altar of an unknown god.
  5572 | D:5      | Found a faded altar of an unknown god.
  5713 | D:5      | Found a shattered altar of Ashenzari.
  5884 | D:5      | Reached ** piety under Sif Muna
  6457 | D:6      | Reached skill level 7 in Spellcasting
  6700 | D:6      | Found a hazy altar of Hepliaklqana.
  6835 | D:6      | Found an ancient bone altar of Kikubaaqudgha.
  7112 | D:7      | Reached XP level 9. HP: 43/54 MP: 11/20
  7120 | D:7      | Learned a level 2 spell: Call Imp
  7844 | D:7      | Found a staircase to the Ecumenical Temple.
  7940 | D:7      | Reached skill level 8 in Spellcasting
  7950 | D:7      | Reached skill level 1 in Summonings
  8076 | D:7      | Noticed Joseph
  8152 | D:7      | Reached *** piety under Sif Muna
  8493 | D:8      | Found a glowing silver altar of Zin.
  8524 | D:8      | Found a runed door.
  8707 | D:8      | Found a runed door.
  8775 | D:8      | Found a white marble altar of Elyvilon.
  8952 | D:8      | Reached skill level 9 in Spellcasting
  9020 | D:8      | Learned a level 5 spell: Iskenderun's Battlesphere
  9549 | D:8      | Reached XP level 10. HP: 54/60 MP: 17/24
  9895 | D:8      | Noticed a red ugly thing
 10817 | D:8      | Reached skill level 1 in Long Blades
 10856 | D:9      | Found a sparkling altar of Nemelex Xobeh.
 11129 | D:9      | Reached **** piety under Sif Muna
 11129 | D:9      | Reached skill level 10 in Spellcasting
 11242 | D:9      | Found a blossoming altar of Fedhas.
 11259 | D:9      | Found a staircase to the Lair.
 11294 | D:9      | Noticed a fire crab
 11303 | D:9      | Noticed Psyche
 11312 | D:9      | Killed Psyche
 11347 | D:9      | Noticed a cyclops
 11599 | D:10     | Entered Level 10 of the Dungeon
 11676 | D:9      | Slain by a warg

Skill      XL: |  1  2  3  4  5  6  7  8  9 10 |
---------------+-------------------------------+-----
Air Magic      | 4 5 6 7 8 9 |  9.5
Spellcasting   | 3 4 5 6 7 9 10 | 10.1
Conjurations   | 2 3 5 6 7 8 |  8.3
Unarmed Combat | 1 2 |  2.1
Stealth        | 3 4 |  4.1
Fighting       | 1 2 |  2.6
Dodging        | 3 4 |  4.0
Summonings     | 2 3 |  3.1
Long Blades    | 1 |  1.4
Armour         | |  0.8

Action                   |  1- 3 |  4- 6 |  7- 9 | 10-12 || total
-------------------------+-------+-------+-------+-------++-------
Melee: Unarmed           |    32 |    49 |     6 |       ||    87
       Punch             |       |     1 |     1 |       ||     2
       Falchion          |       |       |     8 |       ||     8
       Long sword        |       |       |       |    25 ||    25
 Cast: Shock             |    88 |   125 |   364 |   109 ||   686
       Repel Missiles    |     1 |       |       |       ||     1
       Call Imp          |       |       |    23 |    48 ||    71
       Lightning Bolt    |       |       |     3 |     3 ||     6
       Iskenderun's Batt |       |       |       |     1 ||     1
  Use: Potion            |       |       |     4 |       ||     4
       Scroll            |       |       |     2 |     6 ||     8
  Eat: Bread ration      |     1 |       |     3 |       ||     4
       Pizza             |       |     2 |     1 |     2 ||     5
       Beef jerky        |       |     1 |     1 |     2 ||     4
       Fruit             |       |       |     2 |     1 ||     3
Armor: Robe              |     2 |    13 |    26 |    10 ||    51
       Leather armour    |       |       |       |    32 ||    32
Dodge: Dodged            |    28 |    40 |   100 |    64 ||   232
       Deflected         |       |       |     3 |     2 ||     5
       Rpst.: Long sword |       |       |     7 |    15 ||    22
       Falchion          |       |       |     6 |       ||     6
